 Dungeon Crawl Stone Soup version 0.31.0-32-g396128a36d (webtiles) character file.

Game seed: 2560823118614243313

11 ChadusMaximus the Caller (level 2, -2/19 HPs)
             Began as a Barachi Summoner on Mar 8, 2024.
             Slain by a gnoll
             ... wielding a +0 spear
              (9 damage)
             ... on level 1 of the Dungeon.
             The game lasted 00:00:34 (481 turns).

ChadusMaximus the Caller (Barachi Summoner)          Turns: 481, Time: 00:00:34

Health: -2/19      AC:  2    Str:  9    XL:     2   Next: 25%
Magic:  4/5        EV: 12    Int: 15    God:
Gold:   24         SH:  0    Dex: 12    Spells: 4/5 levels left

rFire   . . .        e - +0 spear
rCold   . . .        (no shield)
rNeg    . . .        a - +0 robe
rPois   .            (no helmet)
rElec   .            (no cloak)
rCorr   .            (no gloves)
SInv    .            (no boots)
Will    .....        (no amulet)
Stlth   ++           (no ring)
HPRegen 0.23/turn    (no ring)
MPRegen 0.09/turn

%: no passive effects
@: slow
A: amphibious, slowness 1, strong legs 1, +LOS
a: Hop


You were on level 1 of the Dungeon.
You visited 1 branch of the dungeon, and saw 1 of its levels.

You collected 24 gold pieces.

Inventory:

Hand Weapons
 e - a +0 spear (weapon)
Armour
 a - a +0 robe (worn)
Scrolls
 d - a scroll of revelation {unknown}
Potions
 b - a potion of magic
 c - 2 potions of curing {unknown}


   Skills:
 - Level 0.1 Fighting
 - Level 2.1 Dodging
 - Level 1.7 Stealth
 + Level 2.4 Spellcasting
 * Level 5.2 Summonings


You had 4 spell levels left.
You knew the following spells:

 Your Spells              Type           Power      Damage    Failure   Level
a - Summon Small Mammal   Summ           68%        N/A       2%          1

Your spell library contained the following spells:

 Spells                   Type           Power      Damage    Failure   Level
 Call Imp                 Summ           34%        N/A       3%          2
 Call Canine Familiar     Summ           17%        N/A       8%          3
 Summon Blazeheart Golem  Fire/Summ      9%         N/A       56%         4
 Summon Lightning Spire   Summ/Air       9%         N/A       56%         4


Dungeon Overview and Level Annotations

Branches:
Dungeon (1/15)

Altars:


Innate Abilities, Weirdness & Mutations

You are amphibious.
You cover ground slowly.
You can hop short distances.
You have an extended range of vision and can be seen from far away.


Message History

An endoplasm is nearby!
You hit the endoplasm.
The endoplasm is almost dead.
The endoplasm barely misses you.
An endoplasm is nearby!
You hit the endoplasm.
You kill the endoplasm!
There is a stone staircase leading down here.
You enter the shallow water.
Found 9 stones.
No target in view!
You now have 24 gold pieces (gained 16).
You enter the shallow water.
You enter the shallow water.
A gnoll comes into view. It is wielding a +0 spear.
Found a stone staircase leading down.
A gnoll is nearby!
You reach to attack!
The helpless gnoll fails to defend itself.
You hit the gnoll but do no damage. The gnoll closely misses you.
A gnoll is nearby!
You reach to attack!
You hit the gnoll.
The gnoll is moderately wounded.
The gnoll hits you but does no damage.
A gnoll is nearby!
You reach to attack!
You hit the gnoll but do no damage.
The gnoll is moderately wounded.
The gnoll hits you from afar with a +0 spear.
A gnoll is nearby!
You reach to attack!
You hit the gnoll.
The gnoll is moderately wounded.
The gnoll hits you from afar with a +0 spear.
You reach to attack!
You closely miss the gnoll.
The gnoll is moderately wounded.
The gnoll closely misses you.
The gnoll hits you from afar with a +0 spear.
Casting: Summon Small Mammal (safe; 2% risk of failure)
Confirm with . or Enter, or press ? or * to list all spells.
The gnoll hits you from afar with a +0 spear!
You die...

~...........##. ..
P............+. ..
..........|..#. ..
.............#. .#
....#####....#.##.#
P.#.# #....#..#>#
~...# ####.#..#g#
~..## #.##.#.# ~..#
#....@.# ~..#
####b### ~.## #.#
~.# #.# ~.# #.# ~(#
#.# P.# #.# ..# #.#
### #.#


You could see a gnoll (ally target) and a friendly bat (summoned).

Vanquished Creatures
  An endoplasm (D:1)
  2 frilled lizards (D:1)
3 creatures vanquished.

Vanquished Creatures (collateral kills)
  2 endoplasms (D:1)
  A giant cockroach (D:1)
  A goblin (D:1)
  A hobgoblin (D:1)
  A quokka (D:1)
6 creatures vanquished.

Grand Total: 9 creatures vanquished

Notes
Turn   | Place    | Note
-------+----------+-------------------------------------------
     0 | D:1      | ChadusMaximus the Barachi Summoner began the quest for the
                  | Orb.
     0 | D:1      | Reached XP level 1. HP: 13/13 MP: 3/3
   126 | D:1      | Reached skill level 5 in Summonings
   163 | D:1      | Reached XP level 2. HP: 16/19 MP: 1/5
   481 | D:1      | Slain by a gnoll

Illustrated notes

Levels and vault maps discovered:
D:1:      giann_bridges, layout_basic

Skill      XL: |  1 |
---------------+----+-----
Summonings     | 5 |  5.2
Fighting       | |  0.1
Dodging        | |  2.1
Stealth        | |  1.7
Spellcasting   | |  2.4

Action                     || total
---------------------------++-------
  Melee: Unarmed           ||    20
         Spear             ||     7
         Punch             ||     1
   Cast: Summon Small Mamm ||    13
   Stab: Sleeping          ||     1
 Armour: Robe              ||    16
  Dodge: Dodged            ||    26
